Unix NetHack Version 3.7.0-86 Work-in-progress - last build May 30 2023 11:53:40 (cc98dc9aa62a9957b082a042edf5bd7ec9f632c7,branch:master). Game began 2023-06-23 09:30:21, ended 2023-06-23 09:37:56. Serel, lawful male human Samurai --- |..- ------- |...- -- |..|.... |....--.--....--- -.........<..0....------- | ----......................- |. --.......G.....--- --.G..............--- ---.........@......| - --....-....dG..G....| |.....h..h.........-------- -- ...|........G..................| |..------..........--------- | --- -.........-- ..(.--.....| --------.|.-- ----- Serel the Hatamoto St:17 Dx:14 Co:17 In:11 Wi:9 Ch:7 Lawful S:307 Dlvl:4 $:25 HP:0(21) Pw:5(5) AC:4 Xp:2/33 T:1003 Latest messages: You see here a dart. There are two objects here. You hear some noises in the distance. Wanwan drops a lichen corpse. Wanwan picks up a lichen corpse. Wanwan drops a lichen corpse. You descend the stairs. This door is locked. This door is locked. This door is locked. This door is locked. The door opens. You swap places with Wanwan. The jackal bites! You miss the jackal. The jackal bites! You stop. Wanwan is in the way! You swap places with Wanwan. Wanwan misses the jackal. The jackal bites! Wanwan misses the jackal. It bites the jackal. The jackal is killed! You swap places with Wanwan. You kill the lichen! You see here a locked large box. You descend the stairs. The hobbit zaps himself with a uranium wand! The hobbit is suddenly moving faster. The gnome picks up a gem. The gnome king picks up 10 stones. You swap places with the peaceful hobbit. Wanwan bites the dwarf. The dwarf wields a dagger! Wanwan misses the dwarf. The gnome king wields an aklys! The gnome king swings his aklys. The gnome king hits! You hit the gnome king! You miss the gnome king. Wanwan bites the dwarf. The dwarf thrusts her dagger at Wanwan. The dwarf hits Wanwan. The gnome king swings his aklys. The gnome king hits! You hit the gnome king! The gnome king swings his aklys. The gnome king hits! You die... Do you want your possessions identified? q Inventory: Coins ('$') $ - 25 gold pieces Weapons (')') a - an uncursed +0 katana (weapon in hand) b - an uncursed +0 wakizashi (alternate weapon; not wielded) c - an uncursed +0 yumi d - 31 uncursed +0 ya (in quiver) h - 9 cursed +0 arrows Armor ('[') e - an uncursed rustproof +0 splint mail (being worn) Comestibles ('%') l - an uncursed gunyoki Scrolls ('?') i - an uncursed scroll of food detection k - a blessed scroll of charging Potions ('!') m - a cursed potion of see invisible n - a potion of unholy water Tools ('(') f - an uncursed blindfold Serel the Samurai's attributes: Background: You were a Hatamoto, a level 2 male human Samurai. You were lawful, nominally on a mission for Amaterasu Omikami who was opposed by Raijin (neutral) and Susanowo (chaotic). You were in the Gnomish Mines, on level 4. You entered the dungeon 1003 turns ago. You had 33 experience points, 7 more were needed to attain level 3. Your score was 307 before end-of-game adjustments. Basics: You had 0 out of 21 hit points. You had all 5 energy points (spell power). Your armor class was 4. Your wallet contained 25 zorkmids. Autopickup was on for '$"?+!=/' plus thrown, with exceptions. Final Characteristics: Your strength was 17 (limit:18/100). Your dexterity was 14 (limit:18). Your constitution was 17 (limit:18). Your intelligence was 11 (limit:18). Your wisdom was 9 (limit:18). Your charisma was 7 (limit:18). Final Status: You were not hungry. You were unencumbered. You were wielding a long sword. You had basic skill with long sword. Final Attributes: You were devoutly aligned. You were warded. You were fast. You are dead. Miscellaneous: You never encountered a bones level. Total elapsed playing time was 7 minutes and 35 seconds. Major events: Turn 1: Serel the lawful male human Samurai entered the dungeon 751: entered the Gnomish Mines 1003: killed by a gnome king Vanquished creatures: a coyote a gecko 12 jackals 3 kobolds 2 grid bugs 2 lichens 4 newts 25 creatures vanquished. No species were genocided or became extinct. Voluntary challenges: You were an atheist. You were illiterate. You never engraved Elbereth. You never genocided any monsters. You never polymorphed an object. You never changed form. You used no wishes. Achievement: You entered the Gnomish Mines. The Dungeons of Doom: levels 1 to 4 Level 1: An altar. Level 2: Some fountains. Level 3: Stairs down to The Gnomish Mines. Level 4: The Gnomish Mines: Level 4: <- You were here. Final resting place for you, killed by a gnome king. Game over: ---------- / \ / REST \ / IN \ / PEACE \ / \ | Serel | | 25 Au | | killed by a | | gnome king | | | | | | 2023 | *| * * * | * _________)/\\_//(\/(/\)/\//\/|_)_______ Sayonara Serel the Samurai... You died in The Gnomish Mines on dungeon level 4 with 305 points, and 25 pieces of gold, after 1003 moves. You were level 2 with a maximum of 21 hit points when you died.